 Dungeon Crawl Stone Soup version 0.32-a0-747-gc8563f6773 (webtiles) character file.

Game seed: 17423229503989166886

161690 cojito the Warrior (level 17, -3/237 HPs)
             Began as a Pale Draconian Shapeshifter on Mar 17, 2024.
             Was a Follower of Uskayaw.
             Slain by a fenstrider witch (8 damage)
             ... on level 3 of the Swamp.
             The game lasted 01:01:07 (28021 turns).

cojito the Warrior (Pale Draconian Shapeshifter)   Turns: 28021, Time: 01:01:08

Health: -3/237     AC: 32    Str: 24    XL:     17   Next: 20%
Magic:  24/24      EV:  2    Int: 12    God:    Uskayaw [*.....]
Gold:   1171       SH:  7    Dex: 19    Spells: 16/16 levels left

rFire   . .          .
                       - Unarmed
rCold   + . .        f - +1 buckler {rC+}
rNeg    . . .        (body armour unavailable)
rPois   +            (helmet currently unavailable)
rElec   .            n - melded scarf {rC+ rF+}
rCorr   .            V - melded +2 pair of gloves {Stlth+}
SInv    .            z - melded +2 pair of slick slippers {slick, slippery, EV+4}
Will    +....        x - amulet of magic regeneration
Stlth   ++++         y - +4 ring of protection
HPRegen 0.59/turn    v - ring of the Okapi {rPois Str+3 Dex+6 Slay+2}
MPRegen 0.59/turn

%: no passive effects
@: lethally poisoned (-3 -> -5), tree-form, very slow
A: stationary, stasis, torment immunity, boosted hp, (steam breath), AC +9,
unfitting armour, (cold-blooded), (steam resistance)
a: Renounce Religion, Stomp


You were on level 3 of the Swamp.
You worshipped Uskayaw.
Uskayaw was aware of your devotion.
You were a tree.
You visited 5 branches of the dungeon, and saw 26 of its levels.
You also visited: Gauntlet and Ice Cave.

You collected 2887 gold pieces.
You spent 1716 gold pieces at shops.

Inventory:

Hand Weapons
 j - the +5 rapier of the Badger {freeze, Will+ Int+4}
   (You found it on level 3 of the Lair of Beasts)

   Int+4:     It affects your intelligence (+4).
   Will+:     It increases your willpower.
Missiles
 q - 4 curare-tipped darts
 K - 2 throwing nets (quivered)
Armour
 f - a +1 buckler of cold resistance (worn)
 n - a scarf of resistance (melded)
 z - the +2 pair of slick slippers (melded) {slick, slippery, EV+4}
   (You found it in a Gauntlet)

   Slick:     Its wearer cannot be constricted, engulfed, netted, webbed, or
   stopped by binding sigils.
   Slippery:  Its wearer slips away from damaging melee attacks, pulling the
   attacker onward.
   EV+4:      It affects your evasion (+4).
 V - a +2 pair of gloves of stealth (melded)
Jewellery
 h - a ring of protection from cold
 u - a ring of poison resistance
 v - the ring of the Okapi (right branch) {rPois Str+3 Dex+6 Slay+2}
   (You took it off a minotaur in a Gauntlet)

   [ring of dexterity]

   Str+3:     It affects your strength (+3).
   Dex+6:     It affects your dexterity (+6).
   Slay+2:    It affects your accuracy & damage with ranged weapons and melee
   (+2).
   rPois:     It protects you from poison.
 x - an amulet of magic regeneration (around neck)
 y - a +4 ring of protection (left branch)
 B - a ring of willpower
 H - a ring of see invisible
 I - a +4 ring of protection
 N - the ring of Huhefuguli {^Drain rC+ rCorr MP+9 SInv}
   (You found it on level 1 of the Lair of Beasts)

   [ring of protection from cold]

   rC+:       It protects you from cold.
   MP+9:      It affects your magic capacity (+9).
   SInv:      It lets you see invisible.
   rCorr:     It protects you from acid and corrosion.
   ^Drain:    It drains your maximum health when unequipped.
 W - an amulet of the acrobat
Talismans
 o - a serpent talisman
 w - a maw talisman (active)
Wands
 c - a wand of iceblast (4)
 p - a wand of light (18)
 C - a wand of flame (25)
 D - a wand of charming (10)
 Q - a wand of polymorph (2)
Scrolls
 a - a scroll of immolation
 d - 5 scrolls of teleportation
 i - a scroll of fog
 k - a scroll of vulnerability
 l - a scroll of revelation
 s - 2 scrolls of fear
 A - 2 scrolls of silence
 E - 2 scrolls of poison
 J - a scroll of blinking
 Z - 2 scrolls of identify
Potions
 e - 8 potions of curing
 g - 3 potions of attraction
 m - 2 potions of enlightenment
 r - a potion of ambrosia
 t - 3 potions of brilliance
 F - 2 potions of haste
 G - 2 potions of cancellation
 M - 3 potions of resistance
 P - a potion of magic
 U - 6 potions of mutation
 Y - a potion of might
Miscellaneous
 b - a tin of tremorstones (1/2)
 L - a box of beasts
 O - a lightning rod (4/4)
 T - a phial of floods
 X - a phantom mirror


   Skills:
 + Level 16.0 Fighting
 + Level 12.2 Dodging
 + Level 7.4 Stealth
 + Level 8.3 Shields
 + Level 13.3 Unarmed Combat
 + Level 10.3 Invocations
 - Level 5.0 Evocations
 + Level 12.3 Shapeshifting


You had 16 spell levels left.
You didn't know any spells.
Your spell library contained the following spells:

 Spells                   Type           Power      Damage    Failure   Level
 Kiss of Death            Conj/Necr      0%         2d5       36%         1
 Magic Dart               Conj           0%         1d3       36%         1
 Sandblast                Erth           0%         2d4       36%         1
 Shock                    Conj/Air       0%         1d3       36%         1
 Summon Small Mammal      Summ           0%         N/A       36%         1
 Blink                    Tloc           0%         N/A       50%         2
 Call Imp                 Summ           0%         N/A       50%         2
 Cigotuvi's Dreadful Rot  Necr/Alch/Air  0%         N/A       50%         2
 Mercury Vapours          Alch/Air       0%         N/A       50%         2
 Momentum Strike          Conj/Tloc      0%         3d8       50%         2
 Searing Ray              Conj           0%         2d4       50%         2
 Call Canine Familiar     Summ           0%         N/A       75%         3
 Confusing Touch          Hex            0%         N/A       75%         3
 Gell's Gravitas          Tloc           0%         N/A       75%         3
 Stone Arrow              Conj/Erth      0%         3d7       75%         3
 Swiftness                Air            0%         N/A       75%         3
 Teleport Other           Tloc           0%         N/A       75%         3
 Tukima's Dance           Hex            0%         N/A       75%         3
 Airstrike                Air            0%         2d(0-16)  98%         4
 Anguish                  Hex/Necr       0%         N/A       98%         4
 Animate Dead             Necr           0%         N/A       98%         4
 Brom's Barrelling Bould  Conj/Erth      0%         2d3       98%         4
 Cause Fear               Hex            0%         N/A       98%         4
 Dimensional Bullseye     Hex/Tloc       0%         N/A       98%         4
 Dispel Undead            Necr           0%         3d6       98%         4
 Fulminant Prism          Conj/Alch      0%         3d5       98%         4
 Ignite Poison            Fire/Alch      0%         N/A       98%         4
 Iskenderun's Mystic Bla  Conj/Tloc      0%         2d3       98%         4
 Leda's Liquefaction      Alch/Erth      0%         N/A       98%         4
 Passage of Golubria      Tloc           0%         N/A       98%         4
 Summon Blazeheart Golem  Fire/Summ      0%         N/A       98%         4
 Alistair's Intoxication  Alch           0%         N/A       100%        5
 Borgnjor's Vile Clutch   Necr/Erth      0%         N/A       100%        5
 Silence                  Hex/Air        0%         N/A       100%        5
 Bombard                  Conj/Erth      0%         9d1       100%        6
 Death Channel            Necr           0%         N/A       100%        6
 Dispersal                Tloc           0%         N/A       100%        6
 Eringya's Noxious Bog    Alch           0%         4d6       100%        6
 Enfeeble                 Hex            0%         N/A       100%        7
 Haunt                    Necr/Summ      0%         N/A       100%        7
 Borgnjor's Revivificati  Necr           0%         N/A       100%        8
 Lehudib's Crystal Spear  Conj/Erth      0%         10d2      100%        8
 Death's Door             Necr           0%         N/A       100%        9
 Dragon's Call            Summ           0%         N/A       100%        9
 Fire Storm               Conj/Fire      0%         5d1       100%        9


Dungeon Overview and Level Annotations

Branches:
Dungeon (15/15) Temple (1/1) D:7 Lair (5/5) D:8 Swamp (3/4) Lair:2 Spider (0/4) Lair:2 Slime (0/5) Lair:5 Orc (2/2) D:11 Elf (0/3) Orc:2 Vaults (0/5) D:13 D:14 Depths (0/4) D:15 IceCv (visited) Gauntlet (visited)

Altars:
Ashenzari
Cheibriados
Dithmenos
Elyvilon
Fedhas
Gozag
Hepliaklqana
Kikubaaqudgha
Makhleb
Nemelex Xobeh
Okawaru
Qazlal
Ru
Sif Muna
Trog
Uskayaw
Vehumet
Wu Jian
Xom
Yredelemnul
Zin
The Shining One
Beogh
Jiyva

Shops:
D:8 (   D:10 (   Orc:2 [![?

Annotations:
D:2 1 runed translucent door, Crazy Yiuf
D:4 1 runed translucent door, NotBatman's ghost, amateur MiBe
D:13 3 runed translucent doors, Winlehek's ghost, journeyman HOFi
Lair:1 2 runed translucent doors, Bediveer's ghost, journeyman CoHu
Lair:5 exclusion: 3 oklob plants
Swamp:2 1 runed translucent door, Ylluogh's ghost, adept GnWn


Innate Abilities, Weirdness & Mutations

You are a tree.
Your roots penetrate the ground, keeping you stationary.
You cannot be teleported.
You are immune to unholy pain and torment.
Your maximum health is greatly increased.
Your equipment is partially melded.
((You can breathe blasts of scalding, opaque steam.))
((Your pale cyan-grey scales are hard. (AC +9)))
You cannot fit into any form of body armour.
((You are cold-blooded and may be slowed by cold attacks.))
((You are immune to the effects of steam.))


Message History

Unknown command.
Unknown command.
Unknown command.
You feel much better. The fenstrider witch barely misses you.
The fenstrider witch kicks you!
* * * LOW HITPOINT WARNING * * *
You slip backwards!
Splash!
Okay, then.
Unknown command.
Your transformation has ended.
You turn into a tree.
Your scarf of resistance melds into your body.
Your +2 pair of gloves of stealth melds into your body.
The +2 pair of slick slippers {slick, slippery, EV+4} melds into your body.
You feel hot and cold all over.
You feel less stealthy.
Your roots penetrate the ground.
The fenstrider witch casts a spell at you.
The toxic sludge hits you but does no damage.
You are poisoned.
Splash!
You fall into the toxic bog.
Moving in this stuff is going to be slow.
You completely miss the fenstrider witch.
The fenstrider witch is moderately wounded.
You fester in the toxic bog!
You partially resist.
You are more poisoned.
* * * LOW HITPOINT WARNING * * *
x2 You feel very sick.
The fenstrider witch hits you but does no damage.
The fenstrider witch kicks you!
* * * LOW HITPOINT WARNING * * *
You feel better.
You fester in the toxic bog.
You partially resist.
You are poisoned.
* * * LOW HITPOINT WARNING * * *
You feel sick.
The fenstrider witch hits you but does no damage.
The fenstrider witch kicks you!
You die...
Your body falls in perfect tune with the rhythm.

♣♣♣♣♣♣♣♣ ♣♣...~♣~♣♣♣
♣♣♣.~~~.~~§.♣♣♣♣♣♣♣
♣...§~~~~§~.♣..~.§♣♣♣
♣<~♣H~~~..~..~~.~♣♣
♣~~~....[~§~.~~.~~♣
♣.~~~~...♣♣~♣♣♣♣♣♣.~♣
♣.~§~§~~~.~.♣♣♣ ..
♣~.~.~~~~.....♣♣♣♣♣ ♣
♣~~.~~~~~~~.....♣...
♣♣~§~~.§~~~..~~~....
..~~~~~~~~~.~~~.~~~
...~~~~~§~.~~..♣♣~~


You could see a fenstrider witch.

Vanquished Creatures
  Rupert (D:15)
  Jorgrun (D:11)
  Frances (D:14)
  A tengu reaver (D:15)
  A thorn hunter (Swamp:2)
  Agnes (D:14)
  An orc warlord (Orc:1)
  A reaper (IceCv)
  The ghost of greenreed the Fighter, a journeyman CoGl of Gozag (D:15)
  A stone giant (D:15)
  An eleionoma (Swamp:2)
  3 bunyips
  Snorg (D:11)
  Josephine (Orc:1)
  A shambling mangrove (Swamp:2)
  The ghost of cforsyth the Cleaver, a journeyman MDCA of Ignis (D:11)
  A ghost crab (Swamp:1)
  12 alligators
  Erica (D:11)
  3 catoblepae
  6 boulder beetles
  9 hydras
  3 two-headed ogres
  A deep troll shaman (Lair:5)
  8 centaur warriors
  6 death yaks (Lair:5)
  2 occultists
  Urug (D:14)
  2 spriggan berserkers
  Sonja (Lair:5)
  A goliath frog (Swamp:3)
  A spriggan druid (Swamp:1)
  A skyshark (Lair:5)
  Lodul (D:13)
  4 orc knights
  An orange crystal statue (Gauntlet)
  3 bog bodies
  3 deep elf pyromancers
  Pikel (D:4)
  2 lindwurms
  An orc sorcerer (Orc:1)
  A wolf spider (D:15)
  4 manticores
  7 ugly things
  6 cyclopes
  3 meliai (D:15)
  Joseph (D:7)
  2 will-o-the-wisps (Swamp:1)
  9 elephants (Lair:5)
  3 black mambas
  5 kobold blastminers (Orc:2)
  A torpor snail (Gauntlet)
  2 ice statues (IceCv)
  A minotaur zombie (Gauntlet)
  A gargoyle (D:11)
  Maggie (D:7)
  5 cane toads
  A rime drake (Lair:4)
  6 ice devils (IceCv)
  A kobold demonologist (D:10)
  An efreet (D:14)
  9 komodo dragons
  A troll (shapeshifter) (D:14)
  4 polar bears
  6 trolls
  8 tyrant leeches
  21 blink frogs
  9 hornets
  2 dream sheep (D:11)
  A jumping spider (shapeshifter) (D:13)
  Sigmund (D:2)
  13 slime creatures
  6 spriggans (Swamp:1)
  A dire elephant simulacrum (IceCv)
  2 water elementals
  5 wraiths (D:11)
  50 yaks
  16 humans
  2 basilisks
  A golden eye (Lair:5)
  6 wyverns
  5 wargs
  A death yak simulacrum (IceCv)
  12 vampire mosquitoes
  A harpy simulacrum (IceCv)
  6 swamp worms
  Edmund (D:4)
  2 acid dragons (D:12)
  3 hydra simulacra (IceCv)
  14 water moccasins
  A black bear (Lair:5)
  2 sky beasts
  43 orc warriors
  4 ice beasts
  8 laughing skulls
  9 ogres
  4 boggarts (D:15)
  5 wolves (Lair:5)
  8 centaurs
  6 kobold brigands
  3 gnoll sergeants
  13 bullfrogs
  3 two-headed ogre simulacra (IceCv)
  A scorpion (D:4)
  An elephant simulacrum (IceCv)
  6 killer bees (D:7)
  3 electric eels (D:11)
  7 hounds
  5 jellies
  2 iguanas
  12 orc priests
  18 orc wizards
  A sleepcap (D:4)
  Ijyb (D:4)
  A troll simulacrum (IceCv)
  2 polar bear simulacra (IceCv)
  4 hell rats (Lair:4)
  3 spriggan simulacra (IceCv)
  Robin (D:2)
  14 gnolls
  3 naga simulacra (IceCv)
  6 adders
  A shadow imp (D:6)
  15 white imps
  7 ufetubi
  5 dart slugs
  A ribbon worm (D:2)
  66 orcs
  4 ball pythons
  5 bats
  6 endoplasms
  5 giant cockroaches
  10 goblins
  14 hobgoblins
  4 jackals (D:4)
  2 quokkas
  3 frilled lizards
  27 kobolds
  7 rats
745 creatures vanquished.

Vanquished Creatures (collateral kills)
  A minotaur (Gauntlet)
  An orc warrior (D:6)
  A shadow imp (D:6)
  An orc (D:6)
4 creatures vanquished.

Vanquished Creatures (others)
  A bloated husk (Swamp:1)
  A yak (D:6)
  An iguana (D:6)
  2 orcs
5 creatures vanquished.

Grand Total: 754 creatures vanquished

Notes
Turn   | Place    | Note
-------+----------+-------------------------------------------
     0 | D:1      | cojito the Draconian Shapeshifter began the quest for the
                  | Orb.
     0 | D:1      | Reached XP level 1. HP: 16/16 MP: 1/1
   129 | D:1      | Reached XP level 2. HP: 13/24 MP: 2/2
   133 | D:1      | Reached skill level 2 in Fighting
   348 | D:1      | Reached XP level 3. HP: 29/29 MP: 3/3
   782 | D:2      | Noticed Sigmund
  1173 | D:2      | Noticed Robin
  1211 | D:2      | Killed Robin
  1212 | D:2      | Reached XP level 4. HP: 20/37 MP: 4/4
  1295 | D:2      | Reached skill level 3 in Fighting
  1314 | D:2      | Killed Sigmund
  1315 | D:2      | Reached skill level 4 in Fighting
  1315 | D:2      | Reached XP level 5. HP: 34/46 MP: 5/5
  1817 | D:2      | Found a runed translucent door.
  1818 | D:2      | Noticed Crazy Yiuf
  2256 | D:3      | Reached XP level 6. HP: 52/52 MP: 6/6
  2833 | D:4      | Noticed Ijyb
  2856 | D:4      | Killed Ijyb
  3000 | D:4      | Noticed Pikel
  3018 | D:4      | Killed Pikel
  3019 | D:4      | Reached skill level 5 in Fighting
  3019 | D:4      | Your scales start taking on a pale cyan-grey colour.
  3019 | D:4      | Reached XP level 7. HP: 52/62 MP: 7/7
  3019 | D:4      | Gained mutation: You are immune to the effects of steam.
                  | [Pale Draconian growth]
  3061 | D:4      | Noticed Edmund
  3075 | D:4      | Killed Edmund
  3076 | D:4      | Reached skill level 6 in Fighting
  3184 | D:4      | Reached skill level 5 in Unarmed Combat
  3305 | D:4      | Reached XP level 8. HP: 71/71 MP: 8/8
  3626 | D:4      | Found a runed translucent door.
  3631 | D:4      | Noticed NotBatman's ghost (amateur MiBe)
  3979 | D:5      | Entered Level 5 of the Dungeon
  4224 | D:5      | You fall into a shaft and drop 3 floors!
  4261 | D:7      | Reached skill level 5 in Shapeshifting
  4329 | D:7      | Noticed Maurice
  4407 | D:8      | Found a staircase to the Lair.
  4490 | D:7      | Reached skill level 7 in Fighting
  4545 | D:7      | Noticed Joseph
  4569 | D:7      | Killed Joseph
  4788 | D:7      | Maurice changed into Maurice the ice beast
  4788 | D:7      | Noticed Maurice
  4801 | D:7      | Killed Maurice the ice beast
  4949 | D:6      | Reached skill level 8 in Fighting
  5042 | D:6      | Reached skill level 5 in Dodging
  5078 | D:6      | Reached XP level 9. HP: 64/81 MP: 9/9
  5307 | D:6      | Reached skill level 9 in Fighting
  6189 | D:6      | Found a blossoming altar of Fedhas.
  6526 | D:7      | Noticed Maggie
  6537 | D:7      | Killed Maggie
  6538 | D:7      | Reached skill level 10 in Fighting
  6538 | D:7      | Reached XP level 10. HP: 35/93 MP: 10/10
  6628 | D:7      | Found a staircase to the Ecumenical Temple.
  6757 | Temple   | Entered the Ecumenical Temple
  6773 | Temple   | Became a worshipper of Uskayaw the Reveller
  7007 | D:8      | Reached * piety under Uskayaw
  7017 | D:8      | Reached ** piety under Uskayaw
  7155 | D:8      | Found Toekk's Antique Weapon Boutique.
  7176 | D:8      | Reached *** piety under Uskayaw
  7208 | D:8      | Reached **** piety under Uskayaw
  7215 | D:8      | Reached skill level 1 in Invocations
  7470 | D:8      | Found a glowing silver altar of Zin.
  7545 | D:9      | Noticed a two-headed ogre
  7553 | D:9      | Killed a two-headed ogre
  7554 | D:9      | Reached skill level 11 in Fighting
  7835 | D:9      | Found a broken altar of Ashenzari.
  7835 | D:9      | Found an opulent altar of Gozag.
  7843 | D:9      | Found a shimmering blue altar of Sif Muna.
  7846 | D:9      | Found an ancient bone altar of Kikubaaqudgha.
  7848 | D:9      | Found a sacrificial altar of Ru.
  8205 | D:9      | Noticed a two-headed ogre
  8211 | D:9      | Killed a two-headed ogre
  8231 | D:9      | Found an iron altar of Okawaru.
  8456 | D:10     | Entered Level 10 of the Dungeon
  8642 | D:10     | Reached XP level 11. HP: 98/102 MP: 13/13
  8716 | D:10     | Reached skill level 1 in Stealth
  9000 | D:10     | Found a viscous altar of Jiyva.
  9106 | D:10     | Identified the +1 short sword of Iliat {flame, rF+ rN+
                  | Dex+3}
  9201 | D:10     | Found a basalt altar of Yredelemnul.
  9279 | D:10     | Found a transporter.
  9281 | D:10     | Found a transporter.
  9282 | D:10     | Noticed a boulder beetle
  9380 | D:10     | Killed a boulder beetle
  9435 | D:10     | Found Nixuojem's Antique Weapon Shoppe.
  9640 | Lair:1   | Entered Level 1 of the Lair of Beasts
  9709 | Lair:1   | Reached skill level 1 in Evocations
  9825 | Lair:1   | Identified the ring of Huhefuguli {^Drain rC+ rCorr MP+9
                  | SInv}
 10130 | Lair:1   | Found a large runed translucent door.
 10131 | Lair:1   | Found a large runed translucent door.
 10138 | Lair:1   | Noticed Bediveer's ghost (journeyman CoHu)
 10390 | Lair:2   | Reached skill level 5 in Invocations
 10393 | Lair:2   | Reached ***** piety under Uskayaw
 10440 | Lair:2   | Found a hole to the Spider Nest.
 10643 | Lair:2   | HP: 4/104 [blink frog (12)]
 10906 | Lair:2   | Reached skill level 12 in Fighting
 11225 | Lair:2   | You fall into a shaft and drop 1 floor!
 11236 | Lair:3   | Noticed a lindwurm
 11261 | Lair:3   | Killed a lindwurm
 11262 | Lair:3   | Reached XP level 12. HP: 111/112 MP: 16/16
 11304 | Lair:3   | Identified the +5 rapier of the Badger {freeze, Will+
                  | Int+4}
 11474 | Lair:2   | Noticed a five-headed hydra
 11486 | Lair:2   | Killed a five-headed hydra
 11648 | Lair:2   | Found a staircase to the Swamp.
 11648 | Lair:2   | Noticed a six-headed hydra
 11655 | Lair:2   | Killed a six-headed hydra
 13450 | Lair:4   | Reached skill level 5 in Stealth
 13463 | Lair:4   | Reached skill level 5 in Evocations
 13823 | Lair:5   | Entered Level 5 of the Lair of Beasts
 14005 | Lair:5   | Noticed an eight-headed hydra
 14013 | Lair:5   | Killed an eight-headed hydra
 14014 | Lair:5   | Reached skill level 10 in Unarmed Combat
 14290 | Lair:5   | Noticed a five-headed hydra
 14300 | Lair:5   | Killed a five-headed hydra
 14324 | Lair:5   | Found a staircase to the Slime Pits.
 14324 | Lair:5   | Found a viscous altar of Jiyva.
 14329 | Lair:5   | Noticed a catoblepas
 14351 | Lair:5   | Killed a catoblepas
 14352 | Lair:5   | Reached XP level 13. HP: 87/119 MP: 18/18
 14642 | Lair:5   | Reached skill level 13 in Fighting
 14695 | Lair:5   | Reached ****** piety under Uskayaw
 15065 | Lair:5   | Noticed Sonja
 15072 | Lair:5   | Killed Sonja
 15838 | Lair:5   | Got the Compilation of the Calid Legion
 16083 | D:11     | Found a runed translucent gate.
 16083 | D:11     | Found a runed translucent gate.
 16083 | D:11     | Found a runed translucent gate.
 16128 | D:11     | Identified the +0 chain mail of Absence {rN+}
 16140 | D:11     | Found a staircase to the Orcish Mines.
 16140 | D:11     | Noticed Erica
 16157 | D:11     | Killed Erica
 16158 | D:11     | Reached skill level 10 in Shapeshifting
 16490 | D:11     | Noticed cforsyth's ghost (journeyman MDCA)
 16567 | D:11     | Found a roughly hewn altar of Beogh.
 16890 | D:11     | Found a roughly hewn altar of Beogh.
 16938 | Orc:1    | Entered Level 1 of the Orcish Mines
 16938 | Orc:1    | Noticed Josephine
 17036 | Orc:1    | Noticed Jorgrun
 17059 | D:11     | Reached skill level 10 in Dodging
 17341 | Orc:1    | Noticed Snorg
 17782 | D:11     | Killed Jorgrun
 17783 | D:11     | Reached XP level 14. HP: 91/130 MP: 20/20
 18025 | Orc:1    | Paralysed by an orc sorcerer for 3 turns
 18037 | D:11     | Killed Snorg
 18275 | Orc:1    | Reached skill level 14 in Fighting
 18325 | Orc:1    | Killed Josephine
 18534 | Orc:2    | Entered Level 2 of the Orcish Mines
 18802 | Orc:2    | Found a staircase to the Elven Halls.
 18862 | Orc:2    | Noticed an orc warlord
 19067 | Orc:1    | Killed an orc warlord
 20178 | Orc:1    | Noticed an orc warlord
 20800 | Orc:2    | Found Xaraeba's Distillery.
 20800 | Orc:2    | Found Vura's Antique Armour Boutique.
 20800 | Orc:2    | Found Joasiew's Magic Scroll Shop.
 20824 | Orc:2    | Found Kiuruol's Antique Armour Emporium.
 20941 | Orc:2    | Bought the +3 Mad Mage's Maulers {Infuse+∞ VampMP -Cast}
                  | for 1240 gold pieces
 20941 | Orc:2    | Found the +3 Mad Mage's Maulers {Infuse+∞ VampMP -Cast}
 20957 | Orc:2    | Bought a potion of heal wounds for 70 gold pieces
 20957 | Orc:2    | Bought a potion of lignification for 42 gold pieces
 20957 | Orc:2    | Bought a potion of might for 56 gold pieces
 20957 | Orc:2    | Bought a potion of might for 56 gold pieces
 20957 | Orc:2    | Bought a potion of might for 56 gold pieces
 20957 | Orc:2    | Bought a potion of resistance for 140 gold pieces
 20957 | Orc:2    | Bought a potion of might for 56 gold pieces
 21065 | D:11     | Killed cforsyth's ghost
 21088 | D:11     | Identified the +2 pair of boots "Homoduck" {Dex+3 SInv}
 21161 | D:12     | Reached skill level 1 in Shields
 21315 | D:12     | Reached skill level 10 in Invocations
 22033 | D:13     | Found a frozen archway.
 22174 | IceCv    | Entered an ice cave
 22428 | IceCv    | Noticed a reaper
 22440 | IceCv    | Killed a reaper
 22445 | IceCv    | Identified the +1 sling "Zuqu" {drain, rPois Str-5 Int+4
                  | Stlth-}
 22747 | D:13     | Found a bloodstained altar of Trog.
 22944 | D:13     | Found a runed translucent gate.
 22944 | D:13     | Found a runed translucent gate.
 22944 | D:13     | Found a runed translucent gate.
 22948 | D:13     | Noticed Winlehek's ghost (journeyman HOFi)
 23407 | D:14     | Noticed Lodul
 23407 | D:14     | Noticed Urug
 23407 | D:14     | Found a gate to the Vaults.
 23418 | D:14     | Reached XP level 15. HP: 116/128 MP: 3/22
 23425 | D:14     | Reached skill level 5 in Shields
 23432 | D:13     | Killed Lodul
 23524 | D:14     | Killed Urug
 23562 | D:14     | Found a gate leading to a gauntlet.
 23562 | D:14     | Noticed Agnes
 23568 | D:14     | Killed Agnes
 23584 | Gauntlet | Entered a Gauntlet
 23584 | Gauntlet | Found a transporter.
 23584 | Gauntlet | Found a transporter.
 23584 | Gauntlet | Found a large runed translucent door.
 23584 | Gauntlet | Found a large runed translucent door.
 23584 | Gauntlet | Found a large runed translucent door.
 23584 | Gauntlet | Found a large runed translucent door.
 23584 | Gauntlet | Found a large runed translucent door.
 23584 | Gauntlet | Found a large runed translucent door.
 23584 | Gauntlet | Found a runed translucent door.
 23584 | Gauntlet | Found a runed translucent door.
 23584 | Gauntlet | Found a large runed translucent door.
 23584 | Gauntlet | Found a large runed translucent door.
 23584 | Gauntlet | Found a large runed translucent door.
 23584 | Gauntlet | Found a large runed translucent door.
 23584 | Gauntlet | Found a large runed translucent door.
 23584 | Gauntlet | Found a large runed translucent door.
 23613 | Gauntlet | Found a transporter.
 23628 | Gauntlet | Found a transporter.
 23644 | Gauntlet | Found a transporter.
 23657 | Gauntlet | Found a transporter.
 23673 | Gauntlet | Found a transporter.
 23736 | Gauntlet | Found a large runed translucent door.
 23736 | Gauntlet | Found a large runed translucent door.
 23737 | Gauntlet | Found a runed translucent gate.
 23737 | Gauntlet | Found a runed translucent gate.
 23737 | Gauntlet | Found a runed translucent gate.
 23739 | Gauntlet | Found a transporter.
 23749 | Gauntlet | Found a large runed translucent door.
 23750 | Gauntlet | Found a large runed translucent door.
 23754 | Gauntlet | Found a transporter.
 23770 | Gauntlet | Found a transporter.
 23782 | Gauntlet | Found a transporter.
 23872 | Gauntlet | Found a transporter.
 23884 | Gauntlet | Found a transporter.
 23885 | Gauntlet | Found the +2 pair of slick slippers {slick, slippery, EV+4}
 23892 | Gauntlet | Found a transporter.
 23894 | Gauntlet | Found a transporter.
 23916 | Gauntlet | Found a transporter.
 24076 | Gauntlet | Reached skill level 15 in Fighting
 24177 | Gauntlet | Identified the +6 flail "Pemios" {venom, rF+ rC- Str+5}
 24177 | Gauntlet | Identified the ring of the Okapi {rPois Str+3 Dex+6 Slay+2}
 24228 | Gauntlet | Got Jeschirph's Secrets of Violence and Feathers
 24228 | Gauntlet | Got the Precepts of Poisonous Arson
 24311 | D:14     | Noticed Frances
 24320 | D:14     | Killed Frances
 24885 | D:15     | Entered Level 15 of the Dungeon
 25143 | D:15     | Reached XP level 16. HP: 109/149 MP: 23/23
 25377 | D:15     | Noticed Rupert
 25443 | D:15     | Killed Rupert
 25467 | D:15     | Found a staircase to the Depths.
 25587 | D:15     | Found a runed translucent gate.
 25587 | D:15     | Found a runed translucent gate.
 25589 | D:15     | Found a runed translucent gate.
 25589 | D:15     | Found an opulent altar of Gozag.
 25591 | D:15     | Noticed greenreed's ghost (journeyman CoGl)
 25591 | D:15     | Noticed a tengu reaver
 25747 | D:15     | Killed a tengu reaver
 25767 | D:15     | Killed greenreed's ghost
 25958 | Swamp:1  | Entered Level 1 of the Swamp
 26907 | Swamp:2  | Reached XP level 17. HP: 151/158 MP: 24/24
 27140 | Swamp:2  | Found a runed translucent door.
 27140 | Swamp:2  | Found a shimmering altar of Xom.
 27140 | Swamp:2  | Noticed Ylluogh's ghost (adept GnWn)
 27447 | Swamp:2  | Reached skill level 16 in Fighting
 27999 | Swamp:3  | Paralysed by a fenstrider witch for 5 turns
 28013 | Swamp:3  | Paralysed by a fenstrider witch for 4 turns
 28020 | Swamp:3  | HP: 5/237 [fenstrider witch (9)]
 28021 | Swamp:3  | Slain by a fenstrider witch

Illustrated notes

Levels and vault maps discovered:
D:1:      ncdulo_halloftheorcs, layout_loops_ring, chequers_serial_rivers_room_b
D:2:      layout_loops_corners, shapermc_ecumenical_altar_petra, uniq_robin,
          uniq_crazy_yiuf_cottage, uniq_sigmund
D:3:      layout_basic
D:4:      layout_cave_pods, ebering_ghost_reflecting_pool, uniq_edmund,
          uniq_pikel, uniq_ijyb
D:5:      layout_loops_ring
D:6:      minmay_recursive_quarters, layout_basic, mainiacjoe_overflow_chevrons,
          portal_sewer_entry_e
D:7:      layout_loops_ring, minmay_temple_entry_sparse_star, uniq_maggie,
          uniq_maurice, uniq_joseph
D:8:      wander_river, layout_cave_pools, zin_statuary, serial_shops, shop,
          serial_glass, glass_columns_b, glass_columns_a
D:9:      layout_loops_corners, kennysheep_okawaru_gauntlet,
          chequers_temple_overflow_minitemple
D:10:     gammafunk_boulding_lane, layout_stronghold,
          mainiacjoe_overflow_six_doors_small, serial_shops, shop, jiyva_altar_1
D:11:     layout_basic, minmay_orc_entry_temple_small,
          biasface_ghost_orc_armoury, serial_glass, glass_columns_c,
          glass_columns_b, hangedman_ranch, uniq_erica
D:12:     layout_long_grid
D:13:     layout_irregular_city, gammafunk_ghost_nasty_kobolds,
          portal_ice_cave_entry_imps, grunt_decor_clamped, trog_ov_bears_minmay
D:14:     layout_roguey, david_vaults_3, minmay_misc_feat_room,
          gauntlet_entry_generic, serial_bayou_lagoon_a, uniq_agnes,
          uniq_frances
D:15:     grunt_enter_depths_giant_problem, layout_rooms, minmay_hedge_maze,
          ebering_ghost_gozag, uniq_rupert
Temple:   nicolae_temple_god_jail
Lair:1:   layout_hall_layers, ebering_ghost_disaster_area, lemuel_fruit_fields
Lair:2:   layout_cave_pods, palyth_hydra_swamp_entry,
          spider_nest_entry_web_field, lemuel_fruit_tree
Lair:3:   layout_gridlike
Lair:4:   layout_loops_ring
Lair:5:   grunt_lair_end_beastmaster, layout_regular_city, slime_entry_1,
          disabler_island, grunt_megastairs_3, serial_bayou_shore_b, uniq_sonja
Swamp:1:  nicolae_swamp_ascending_descending_big, layout_falls_marsh,
          evilmike_swamp_ruin_rubble_1, swamp_pool_1_2,
          nicolae_swamp_decorative_isthmus, infiniplex_staircase_pool
Swamp:2:  layout_basic_swamp, ebering_ghost_xom, nicolae_swamp_tree_isthmus,
          grunt_hermit_hut
Swamp:3:  nicolae_swamp_ascending_descending, layout_basic_swamp,
          serial_swamp_ruin, evilmike_swamp_ruin_house_3,
          evilmike_swamp_ruin_house_6
Orc:1:    layout_caves, uniq_jorgrun, uniq_snorg, uniq_urug, uniq_josephine
Orc:2:    st_orc_rangers, layout_diamond_mine

Skill      XL: |  1  2  3  4  5  6  7  8  9 10 11 12 13 14 15 16 17 |
---------------+----------------------------------------------------+-----
Fighting       | 2 4 5 6 8 10 11 12 13 14 15 16 | 16.0
Dodging        | 2 3 4 5 6 7 8 10 11 12 | 12.2
Unarmed Combat | 4 5 6 7 8 9 10 11 12 13 | 13.3
Shapeshifting  | 4 5 6 7 8 9 10 11 12 | 12.3
Invocations    | 3 5 7 9 10 | 10.3
Stealth        | 3 5 7 |  7.4
Evocations     | 3 5 |  5.0
Shields        | 4 7 8 |  8.3

Action                     |  1- 3 |  4- 6 |  7- 9 | 10-12 | 13-15 | 16-18 || total
---------------------------+-------+-------+-------+-------+-------+-------++-------
  Melee: Unarmed           |   116 |   114 |   230 |   623 |   873 |   354 ||  2310
         Tailslap          |    11 |    13 |    32 |   124 |   142 |    70 ||   392
         Punch             |     4 |     5 |    10 |     7 |       |       ||    26
         Constrict         |       |       |       |       |    52 |       ||    52
         Maw               |       |       |       |       |   159 |   150 ||   309
  Throw: Dart              |       |     1 |    10 |       |       |       ||    11
 Invoke: Stomp             |       |       |       |    34 |    31 |     5 ||    70
         Line Pass         |       |       |       |     3 |     3 |     2 ||     8
Ability: Steam Breath      |       |       |     4 |     4 |     3 |     2 ||    13
  Evoke: Wand              |       |       |    12 |    23 |    17 |    13 ||    65
         Phantom mirror    |       |       |       |       |     2 |       ||     2
         Lightning rod     |       |       |       |       |     3 |     1 ||     4
         Box of beasts     |       |       |       |       |     1 |       ||     1
         Tin of tremorston |       |       |       |       |       |     2 ||     2
    Use: Potion            |     1 |     3 |     6 |     6 |    12 |     8 ||    36
         Scroll            |     1 |       |     1 |    11 |    18 |     5 ||    36
   Stab: Sleeping          |       |     2 |     1 |       |    10 |     2 ||    15
         Confused          |       |     1 |       |       |     2 |       ||     3
         Paralysed         |       |       |       |    36 |    68 |    22 ||   126
         Invisible         |       |       |       |     2 |       |       ||     2
         Distracted        |       |       |       |       |     2 |     1 ||     3
 Armour: Skin              |    75 |    65 |   155 |   415 |   800 |   179 ||  1689
  Dodge: Dodged            |    45 |    80 |   112 |   482 |   735 |   220 ||  1674
  Block: Kite shield       |       |       |       |       |    56 |       ||    56
         Buckler           |       |       |       |       |    98 |   103 ||   201
   Form: Flux              |       |       |       |     1 |       |       ||     1
         Serpent           |       |       |       |       |     1 |       ||     1
         Maw               |       |       |       |       |     1 |       ||     1

Table legend: (Time is in decaauts)
 A = Elapsed time spent in this place.
 B = Non-inter-level travel time spent in this place.
 C = Inter-level travel time spent in this place.
 D = Time resting spent in this place.
 E = Time spent auto-exploring this place.
 F = Levels seen in this place.
 G = Mean time per level.
                   A        B        C        D        E       F      G
               +--------+--------+--------+--------+--------+-----+--------+
         Total |  27897 |  26501 |   1396 |   7189 |  12901 |  28 |  996.3 |
       Dungeon |  15643 |  14615 |   1028 |   3318 |   7767 |  15 | 1042.9 |
        Temple |     28 |     14 |     14 |      0 |      0 |   1 |   28.0 |
          Lair |   6272 |   6027 |    245 |   1712 |   3090 |   5 | 1254.4 |
         Swamp |   2125 |   2087 |     38 |    510 |   1029 |   3 |  708.3 |
  Orcish Mines |   2745 |   2676 |     69 |   1543 |    554 |   2 | 1372.5 |
      Ice Cave |    454 |    454 |      0 |     21 |    163 |   1 |  454.0 |
      Gauntlet |    627 |    627 |      0 |     84 |    298 |   1 |  627.0 |
               +--------+--------+--------+--------+--------+-----+--------+

Top non-repeatable levels by time:
    D:11: 2390 daAuts
  Lair:5: 1726 daAuts
  Lair:2: 1553 daAuts
   Orc:2: 1522 daAuts
    D:10: 1380 daAuts
  Lair:4: 1343 daAuts
   Orc:1: 1223 daAuts
     D:2: 1178 daAuts
     D:4: 1171 daAuts
     D:9: 1089 daAuts
     D:7: 1073 daAuts
  Lair:3: 974 daAuts
     D:6: 970 daAuts
    D:14: 945 daAuts
    D:13: 909 daAuts
